 Dungeon Sprint DCSS version 0.27-a0-695-gb4952372f7 (webtiles) character file.

Game seed: 3099095639886204664

910 mhtbhm the Blocker (level 7, -4/74 HPs)
             Began as a Minotaur Fighter on Mar 22, 2021.
             Was an Initiate of Gozag.
             Slain by an orc warrior
             ... wielding a +0 trident
             ... led by an orc knight
              (9 damage)
             ... in the Dungeon (Sprint VII: "The Pits").
             The game lasted 00:01:26 (805 turns).

mhtbhm the Blocker (Minotaur Fighter)                Turns: 805, Time: 00:01:27

Health: -4/74      AC: 14    Str: 23    XL:     7   Next: 81%
Magic:  6/6        EV:  8    Int:  5    God:    Gozag
Gold:   1665       SH: 12    Dex:  9    Spells: 6/6 levels left

rFire    . . .     SeeInvis .   a - +2 hand axe (vorpal)
rCold    . . .     Faith    .   c - +0 kite shield
rNeg     . . .     Spirit   .   b - +3 chain mail
rPois    .         Reflect  .   (helmet restricted)
rElec    .         Harm     .   (no cloak)
rCorr    .         Rampage  .   (no gloves)
Will     .....     NoTele   +   (no boots)
Stlth    ..........             (no amulet)
HPRegen  0.22/turn              (no ring)
MPRegen  0.10/turn              (no ring)

@: no status effects
A: horns 2, retaliatory headbutt
a: Renounce Religion, Potion Petition, Call Merchant, Bribe Branch


You were in the Dungeon.
You worshipped Gozag.
Gozag was most pleased with you.
You visited 1 branch You collected 1665 gold pieces.

Inventory:

Hand Weapons
 a - a +2 vorpal hand axe (weapon)
Armour
 b - a +3 chain mail (worn)
 c - a +0 kite shield (worn)
Scrolls
 j - a scroll of blinking
 l - 5 scrolls of amnesia
 m - a scroll of summoning
Potions
 d - a potion of might
 e - 6 potions of curing
 f - 4 potions of heal wounds
 g - a potion of haste
 h - 4 potions of magic
 i - 3 potions of berserk rage
 k - 2 potions of invisibility


   Skills:
 + Level 11.2 Fighting
 + Level 8.4 Axes
 + Level 10.9 Armour
 + Level 2.6 Dodging
 + Level 11.6 Shields


You had 6 spell levels left.
You didn't know any spells.
Your spell library was empty.

Dungeon Overview and Level Annotations

Branches:
Dungeon (1/1)

Altars:
Ashenzari
Cheibriados
Dithmenos
Elyvilon
Fedhas
Gozag
Hepliaklqana
Kikubaaqudgha
Makhleb
Nemelex Xobeh
Okawaru
Qazlal
Ru
Sif Muna
Trog
Uskayaw
Vehumet
Wu Jian
Xom
Yredelemnul
Zin
The Shining One
Beogh
Jiyva
Lugonu


Innate Abilities, Weirdness & Mutations

You have a pair of horns on your head.
You reflexively headbutt those who attack you in melee.


Message History

You are too injured to fight recklessly!
You are too injured to fight recklessly!
You feel much better. The orc knight barely misses you.
You hit the orc knight but do no damage.
You headbutt the orc knight, but do no damage.
The orc knight is lightly wounded.
The orc warrior no longer looks unusually strong.
The orc knight hits you with a +0 broad axe!
You closely miss the orc knight.
The orc knight is lightly wounded.
The orc warrior is no longer distracted by gold.
You block the orc warrior's attack.
The orc knight roars a battlecry!
The orc warrior goes into a battle-frenzy!
You hit the orc knight but do no damage.
You headbutt the orc knight.
The orc knight is moderately wounded.
You block the orc warrior's attack. You block the orc knight's attack.
You hit the orc knight. You headbutt the orc knight!
The orc knight is heavily wounded.
You block the orc warrior's attack.
You slash the orc knight!
The orc knight is severely wounded.
The orc knight hits you with a +0 broad axe!
You block the orc warrior's attack.
You closely miss the orc knight.
The orc knight is severely wounded.
You block the orc knight's attack. You block the orc warrior's attack.
You hit the orc knight. Your headbutt misses the orc knight.
The orc knight is severely wounded.
The orc knight hits you but does no damage.
The orc warrior hits you from afar with a +0 trident!!
* * * LOW HITPOINT WARNING * * *
You hit the orc knight.
The orc knight is severely wounded.
The orc knight hits you with a +0 broad axe!
* * * LOW HITPOINT WARNING * * *
The orc warrior hits you from afar with a +0 trident!
You die...
Your body crumbles into a pile of gold.

#.#..#..#..##.......#
#)##)#..#'###...<...#
#.#........##.......#
#.#........##.......#
#'###########.......#
#.......#..##########
#).###..#.# ###
#).)....#$# ...#
##.###.##@#....#
#.).....#.oo...+
#..###..#'#....#
#.......'.#....#
########### ####


You could see an orc knight and an orc warrior (strong).

Vanquished Creatures
  A cane toad (D)
  A water moccasin (D)
  A floating eye (D)
  An ogre (D)
  5 wights (D)
  A quasit (D)
  An orc priest (D)
  An iron imp (D)
  A gnoll (D)
  A leopard gecko (D)
  6 orcs (D)
  2 goblins (D)
  2 hobgoblins (D)
  5 jackals (D)
  A quokka (D)
  A frilled lizard (D)
  A quokka zombie (D)
32 creatures vanquished.

Notes
Turn   | Place    | Note
-------+----------+-------------------------------------------
     0 | D        | mhtbhm the Minotaur Fighter began the quest for the Orb.
     0 | D        | Reached XP level 1. HP: 19/19 MP: 0/0
    22 | D        | Found a bloodstained altar of Trog.
    22 | D        | Found a shimmering blue altar of Sif Muna.
    22 | D        | Found a viscous altar of Jiyva.
    22 | D        | Found a hazy altar of Hepliaklqana.
    22 | D        | Found an opulent altar of Gozag.
    23 | D        | Found a glowing golden altar of the Shining One.
    23 | D        | Found a glowing silver altar of Zin.
    23 | D        | Found a basalt altar of Yredelemnul.
    23 | D        | Found a shimmering altar of Xom.
    23 | D        | Found an ornate altar of the Wu Jian Council.
    23 | D        | Found a sacrificial altar of Ru.
    23 | D        | Found a stormy altar of Qazlal.
    23 | D        | Found an iron altar of Okawaru.
    23 | D        | Found a sparkling altar of Nemelex Xobeh.
    23 | D        | Found a burning altar of Makhleb.
    23 | D        | Found a blossoming altar of Fedhas.
    23 | D        | Found a white marble altar of Elyvilon.
    23 | D        | Found a shadowy altar of Dithmenos.
    23 | D        | Found a snail-covered altar of Cheibriados.
    25 | D        | Found a radiant altar of Vehumet.
    25 | D        | Found a corrupted altar of Lugonu.
    29 | D        | Found an ancient bone altar of Kikubaaqudgha.
    29 | D        | Found a hide-covered altar of Uskayaw.
    29 | D        | Found a broken altar of Ashenzari.
    34 | D        | Became a worshipper of Gozag Ym Sagoz the Greedy
    92 | D        | Reached XP level 2. HP: 28/28 MP: 1/1
    97 | D        | Reached skill level 5 in Fighting
    97 | D        | Reached skill level 5 in Armour
   313 | D        | Reached XP level 3. HP: 35/37 MP: 2/2
   383 | D        | Noticed a floating eye
   390 | D        | Paralysed by a floating eye for 2 turns
   393 | D        | Paralysed by a floating eye for 4 turns
   397 | D        | Killed a floating eye
   398 | D        | Reached XP level 4. HP: 48/48 MP: 3/3
   403 | D        | Reached XP level 5. HP: 51/55 MP: 4/4
   436 | D        | Reached skill level 5 in Axes
   436 | D        | Reached skill level 1 in Dodging
   436 | D        | Noticed an ogre
   437 | D        | Noticed a water moccasin
   441 | D        | Killed a water moccasin
   442 | D        | Reached XP level 6. HP: 42/64 MP: 5/5
   448 | D        | Reached skill level 10 in Fighting
   448 | D        | Reached skill level 10 in Shields
   459 | D        | Reached skill level 10 in Armour
   459 | D        | Reached XP level 7. HP: 15/73 MP: 6/6
   731 | D        | Noticed a cane toad
   736 | D        | Killed a cane toad
   785 | D        | Noticed an orc knight
   785 | D        | Noticed a wraith
   805 | D        | Slain by an orc warrior

Illustrated notes

Levels and vault maps discovered:
D:        pitsprint [storerooms_1, entrance_room_1, metal_vault_2, armoury_1,
          mini_pit_1, grid_room_1, main_hall_1, silver_pit, the_coven_1,
          the_vestibule_1, steel_vault_3, golden_pit, hallway_of_sentries,
          crystal_vault_6, iron_vault_2, final_vault]

Skill      XL: |  1  2  3  4  5  6  7 |
---------------+----------------------+-----
Fighting       | 4 6 7 8 9 10 11 | 11.2
Armour         | 4 5 7 9 10 | 10.9
Shields        | 4 7 9 10 11 | 11.6
Axes           | 4 5 7 8 |  8.4
Dodging        | 1 2 |  2.6

Action                   |  1- 3 |  4- 6 |  7- 9 || total
-------------------------+-------+-------+-------++-------
Melee: Hand axe          |    26 |    28 |    35 ||    89
       War axe           |     5 |       |       ||     5
       Headbutt          |     6 |     8 |     8 ||    22
  Use: Potion            |       |     1 |     1 ||     2
 Stab: Distracted        |       |       |     1 ||     1
Armor: Scale mail        |     9 |       |       ||     9
       Chain mail        |       |    12 |    10 ||    22
Dodge: Dodged            |     8 |     4 |     7 ||    19
Block: Kite shield       |    20 |    21 |    26 ||    67

Table legend: (Time is in decaauts)
 A = Elapsed time spent in this place.
 B = Non-inter-level travel time spent in this place.
 C = Inter-level travel time spent in this place.
 D = Time resting spent in this place.
 E = Time spent auto-exploring this place.
 F = Levels seen in this place.
 G = Mean time per level.
                   A        B        C        D        E       F      G
               +--------+--------+--------+--------+--------+-----+--------+
         Total |    819 |    819 |      0 |    469 |     33 |   1 |  819.0 |
       Dungeon |    819 |    819 |      0 |    469 |     33 |   1 |  819.0 |
               +--------+--------+--------+--------+--------+-----+--------+

Top non-repeatable levels by time:
       D: 819 daAuts
